 Dungeon Crawl Stone Soup version 0.31.0-11-ge490571c62 (webtiles) character file.

Game seed: 7610255526286593420

17 Esekla the Grasshopper (level 2, -2/15 HPs)
             Began as a Vine Stalker Warper on Feb 1, 2024.
             Slain by an ufetubus (4 damage)
             ... on level 3 of the Dungeon.
             The game lasted 00:03:39 (351 turns).

Esekla the Grasshopper (Vine Stalker Warper)         Turns: 351, Time: 00:03:40

Health: -2/15      AC:  3    Str: 13    XL:     2   Next: 62%
Magic:  0/6        EV: 11    Int: 13    God:
Gold:   26         SH:  4    Dex: 13    Spells: 2/5 levels left

rFire   . . .        a - +0 falchion
rCold   . . .        e - +0 buckler
rNeg    . . .        b - +0 leather armour
rPois   .            (no helmet)
rElec   .            (no cloak)
rCorr   .            (no gloves)
SInv    .            (no boots)
Will    .....        (no amulet)
Stlth   +            (no ring)
HPRegen 1.02/turn    (no ring)
MPRegen 0.10/turn

%: guardian spirit
@: no status effects
A: fangs 2, regeneration 1, magic shield, antimagic bite, no potion heal 2
a: no special abilities


You were on level 3 of the Dungeon.
You visited 1 branch of the dungeon, and saw 3 of its levels.

You collected 26 gold pieces.

Inventory:

Hand Weapons
 a - a +0 falchion (weapon)
Missiles
 d - 7 darts of dispersal (quivered)
Armour
 b - a +0 leather armour (worn)
 e - a +0 buckler (worn)
Wands
 g - a wand of paralysis (10)
Scrolls
 c - a scroll of blinking
Potions
 f - a potion of enlightenment {unknown}


   Skills:
 * Level 2.1 Fighting
 + Level 1.9 Long Blades
 + Level 1.4 Throwing
 - Level 0.7 Armour
 + Level 1.6 Dodging
 * Level 2.2 Spellcasting
 + Level 3.2 Translocations


You had 2 spell levels left.
You knew the following spells:

 Your Spells              Type           Power      Damage    Failure   Level
b - Blink                 Tloc           18%        N/A       19%         2
p - Apportation           Tloc           18%        N/A       12%         1

Your spell library contained the following spells:

 Spells                   Type           Power      Damage    Failure   Level
 Lesser Beckoning         Tloc           18%        N/A       19%         2
 Necrotise                Necr           4%         1d4       41%         1
 Sting                    Conj/Alch      4%         1d3       41%         1
 Summon Small Mammal      Summ           4%         N/A       41%         1
 Teleport Other           Tloc           9%         N/A       34%         3
 Manifold Assault         Tloc           9%         N/A       75%         4
 Vhi's Electric Charge    Tloc/Air       10%        N/A       93%         4


Dungeon Overview and Level Annotations

Branches:
Dungeon (3/15)

Altars:

Annotations:
D:2 Robin


Innate Abilities, Weirdness & Mutations

You have extremely sharp teeth.
Your natural rate of healing is unusually fast.
When hurt, damage is shared between your health and your magic reserves.
Your bite disrupts and absorbs the magic of your enemies.
Potions cannot restore your health.


Message History

The ufetubus hits you but does no damage.
You block the ufetubus's attack. The ufetubus slips past you!
The ufetubus hits you. x2
You hit the ufetubus.
The ufetubus is heavily wounded.
The ufetubus hits you but does no damage. x3
The ufetubus hits you. The ball python closely misses you.
The ball python grabs you. The ball python constricts you.
You closely miss the ufetubus. You bite the ufetubus. You drain its power.
You feel invigorated.
The ufetubus is heavily wounded.
The ufetubus hits you. x2; The ufetubus closely misses you.
The ufetubus misses you. The ufetubus hits you.
The ufetubus hits you but does no damage.
You block the ball python's attack. The ball python constricts you.
You block the ufetubus's attack. The ufetubus hits you.
You escape the ball python's grasp.
The ufetubus hits you but does no damage.
You block the ufetubus's attack. The ufetubus barely misses you. x2
The ufetubus attacks as it pursues you! The ufetubus barely misses you. x2
The ufetubus hits you but does no damage.
You block the ufetubus's attack.
A kobold opens the door.
The ufetubus slips past you! The ufetubus hits you. The ufetubus misses you.
You miss the ufetubus. Your bite misses the ufetubus.
The ufetubus barely misses you. x2; The ufetubus hits you.
* * * LOW HITPOINT WARNING * * *
The ufetubus barely misses you. You block the ball python's attack.
The ball python closely misses you. The ufetubus hits you.
* * * LOW HITPOINT WARNING * * *
The ufetubus closely misses you. The ufetubus hits you.
* * * LOW HITPOINT WARNING * * *
The ufetubus closely misses you.
The ball python attacks as it pursues you!
The ball python bites you.
* * * LOW HITPOINT WARNING * * *
The ball python closely misses you. The ufetubus closely misses you.
The ufetubus hits you but does no damage.
The ufetubus slips past you! The ufetubus completely misses you.
The ufetubus hits you.
You die...

#.##.# ##### #.##.#
#######...######.##.#
.... ....+.........#
#..##...######.####
#..#...######†#####
#.#...#...........
####5....#...........
#...@5...#...........
#..S.###........#####
#####.SgK#######>.......
#.......J'...............
#.###..B.################
#....# #....# #.......K.
#.........


You could see a bombardier beetle, 2 ufetubi, an endoplasm, a hobgoblin, 2 ball
pythons and a kobold.

Vanquished Creatures
  An adder (D:3)
  A bat (D:1)
  An endoplasm (D:1)
  2 kobolds
  2 frilled lizards (D:1)
  3 rats
10 creatures vanquished.

Notes
Turn   | Place    | Note
-------+----------+-------------------------------------------
     0 | D:1      | Esekla the Vine Stalker Warper began the quest for the Orb.
     0 | D:1      | Reached XP level 1. HP: 11/11 MP: 4/4
   134 | D:1      | Reached XP level 2. HP: 15/15 MP: 6/6
   207 | D:2      | Noticed Robin
   240 | D:3      | Learned a level 2 spell: Blink
   280 | D:3      | Learned a level 1 spell: Apportation
   317 | D:3      | Reached skill level 1 in Throwing
   339 | D:3      | Noticed a bombardier beetle
   351 | D:3      | Slain by an ufetubus

Illustrated notes

Levels and vault maps discovered:
D:1:      dpeg_arrival_rooms_c, layout_loops_ring, minmay_worlds_worst_comb
D:2:      layout_loops_cross, shapermc_ecumenical_altar_pompeii, uniq_terence,
          uniq_robin, uniq_jessica
D:3:      layout_basic

Skill      XL: |  1  2 |
---------------+-------+-----
Fighting       | 2 |  2.1
Throwing       | 1 |  1.4
Long Blades    | |  1.9
Armour         | |  0.7
Dodging        | |  1.6
Spellcasting   | |  2.2
Translocations | |  3.2

Action                     || total
---------------------------++-------
  Melee: Falchion          ||    32
         Bite              ||     6
 Armour: Leather armour    ||    43
  Dodge: Dodged            ||    31
  Block: Buckler           ||    10
